 Dungeon Crawl Stone Soup version 0.17-a0-1701-gf693a3f (webtiles) character file.

99 hexophile the Charlatan (level 4, -4/21 HPs)
             Began as a Spriggan Artificer on Aug 22, 2015.
             Slain by a giant frog (8 damage)
             ... on level 6 of the Dungeon.
             The game lasted 00:03:01 (906 turns).

hexophile the Charlatan (Spriggan Artificer)         Turns: 906, Time: 00:03:01

Health: -4/21      AC:  2    Str:  7    XL:     4   Next: 45%
Magic:  5/10       EV: 18    Int: 13    God:
Gold:   37         SH:  0    Dex: 17    Spells: 0 memorised, 3 levels left

rFire  . . .     SeeInvis +     a - +0 short sword
rCold  . . .     Clarity  .     b - +0 robe
rNeg   . . .     SustAt   .     (shield restricted)
rPois  .         Gourm    .     (helmet restricted)
rElec  .         Spirit   .     (no cloak)
rCorr  .         Warding  .     (gloves unavailable)
rMut   .         Stasis   .     (boots unavailable)
MR     .....                    (no amulet)
Stlth  ++........               (no ring)
                                (no ring)

@: very quick, not resistant to hostile enchantments, unstealthy
A: unfitting armour, see invisible, herbivore 3, speed 3, slow metabolism 2
a: no special abilities


You were on level 6 of the Dungeon.
You were not hungry.

You visited 1 branch of the dungeon, and saw 6 of its levels.

You collected 37 gold pieces.

Inventory:

Hand weapons
 a - a +0 short sword (weapon)
Armour
 b - a +0 robe (worn)
Jewellery
 i - a +3 ring of protection {unknown}
Magical devices
 c - a wand of flame (15)
 d - a wand of enslavement (8)
 e - a wand of random effects (14)
 j - a wand of random effects (29)
Scrolls
 g - a scroll of teleportation {unknown}
Potions
 h - a potion of curing {unknown}
Comestibles
 f - a bread ration


   Skills:
 - Level 0.7 Fighting
 - Level 1.1 Short Blades
 - Level 3.0 Dodging
 + Level 1.5 Stealth
 * Level 7.0 Evocations


You had 3 spell levels left.
You didn't know any spells.

Dungeon Overview and Level Annotations

Branches:
Dungeon (6/15)
 Temple: D:4-7

Altars:

Annotations:
D:6 Blork the orc, Sigmund


Innate Abilities, Weirdness & Mutations

You are tiny and cannot use many weapons and most armour.
You have supernaturally acute eyesight.
You are a herbivore.
You cover ground extremely quickly.
You need consume almost no food.


Message History

You hit the giant frog.
The giant frog is severely wounded.
The giant frog misses you.
Blork the orc completely misses the giant frog.
Unknown command.
You hit the giant frog.
The giant frog is severely wounded.
The giant frog closely misses you.
Blork the orc closely misses the giant frog.
The giant frog hits you.
* * * LOW HITPOINT WARNING * * *
Unknown command.
Unknown command.
Blork the orc closely misses the giant frog.
Unknown command.
You hit the giant frog.
The giant frog is almost dead.
Blork the orc hits the centaur skeleton with a mace.
The giant frog hits you!
You die...

. ###..# #. ....# #=##...#
#......#### #.......# #.o.#
#Z#.# #F#.# #. #@#.# #.# Z.
#.#.#####.? .#
#########......##.. .#
......##..........#.####.#
#.............(## ...#.#
####.............#####....
#........[.............<..
##.#####.#######........###
#..####..# ###.########


You could see a giant frog, a centaur skeleton and the friendly Blork the orc.

Vanquished Creatures
  4 goblins
  A quokka (D:5)
  A rat (D:1)
6 creatures vanquished.

Vanquished Creatures (collateral kills)
  Eustachio (D:6)
  A giant gecko (D:5)
2 creatures vanquished.

Grand Total: 8 creatures vanquished

Notes
Turn   | Place    | Note
--------------------------------------------------------------
     0 | D:1      | hexophile the Spriggan Artificer began the quest for the Orb.
     0 | D:1      | Reached XP level 1. HP: 9/9 MP: 4/4
   381 | D:3      | Noticed a giant frog
   415 | D:3      | You fall through a shaft!
   434 | D:4      | Noticed an orc wizard
   435 | D:4      | Noticed an orc wizard
   440 | D:5      | Entered Level 5 of the Dungeon
   475 | D:6      | Noticed Sigmund
   475 | D:6      | Noticed a water moccasin skeleton
   816 | D:6      | Noticed a centaur skeleton
   830 | D:6      | Noticed Eustachio
   860 | D:6      | Noticed Blork the orc
   899 | D:6      | Noticed a giant frog
   899 | D:6      | Killed Eustachio
   899 | D:6      | Reached skill level 7 in Evocations
   899 | D:6      | Reached XP level 2. HP: 9/14 MP: 4/7
   899 | D:6      | Reached XP level 3. HP: 10/17 MP: 5/9
   899 | D:6      | Reached XP level 4. HP: 12/21 MP: 5/10
   903 | D:6      | Noticed a centaur skeleton
   906 | D:6      | Slain by a giant frog

Vault maps used:
D:1:      minmay_arrival_nine_rooms, kennysheep_boxes
D:2:      makhleb_altar_promises_db, first_bread
D:3:      hangedman_abyss_or_decor_lesser_grid
D:4:      st_stairs_3, corexii_leaking_fountain
D:5:      nemelex_deck, grunt_gozag_statues, minmay_temple_entry_statues,
          serial_shops, shop
D:6:      serial_bayou_lagoon_a, uniq_blork_the_orc, uniq_eustachio,
          uniq_grinder, uniq_sigmund

Action                   |  1- 3 |  4- 6 || total
-------------------------+-------+-------++-------
Melee: Short sword       |    14 |     5 ||    19
Evoke: Wand              |     8 |       ||     8
 Stab: Paralysed         |     4 |       ||     4
       Sleeping          |     2 |       ||     2
